 Dungeon Crawl Stone Soup version 0.24-a0-370-g78e9d4e317 (webtiles) character file.

Game seed: 11410443506671501450

25 Holzbalken the Skirmisher (level 2, -8/24 HPs)
             Began as a Demonspawn Wanderer on May 30, 2019.
             Mangled by an ogre
             ... wielding a +0 giant club
              (30 damage)
             ... on level 2 of the Dungeon.
             The game lasted 00:02:48 (774 turns).

Holzbalken the Skirmisher (Demonspawn Wanderer)      Turns: 774, Time: 00:02:50

Health: -8/24      AC:  5    Str: 11    XL:     2   Next: 86%
Magic:  2/2        EV: 10    Int: 14    God:
Gold:   28         SH:  0    Dex: 12    Spells: 1/1 levels left

rFire    . . .     SeeInvis .   a - +0 dagger
rCold    . . .     Gourm    .   (no shield)
rNeg     . . .     Faith    .   d - +0 ring mail
rPois    .         Spirit   .   (no helmet)
rElec    .         Reflect  .   (no cloak)
rCorr    .         Harm     .   (no gloves)
MR       .....                  (no boots)
Stlth    +.........             (no amulet)
HPRegen  0.08/turn              (no ring)
MPRegen  0.08/turn              (no ring)

@: no status effects
A: demonic guardian 1
a: no special abilities


You were on level 2 of the Dungeon.
You were not hungry.

You visited 1 branch of the dungeon, and saw 2 of its levels.

You collected 28 gold pieces.

Inventory:

Hand Weapons
 a - a +0 dagger (weapon)
Armour
 d - a +0 ring mail (worn)
 h - a +0 shield
Scrolls
 i - a scroll of enchant weapon {unknown}
Potions
 b - a potion of haste
 c - 2 potions of curing
 e - a potion of heal wounds
Comestibles
 f - a ration


   Skills:
 - Level 3.0 Fighting
 + Level 2.3 Short Blades
 - Level 1.0 Armour
 - Level 1.0 Dodging
 - Level 2.6 Stealth
 - Level 1.0 Shields
 - Level 1.0 Unarmed Combat


You had one spell level left.
You didn't know any spells.
Your spell library was empty.

Dungeon Overview and Level Annotations

Branches:
Dungeon (1/15)

Altars:


Innate Abilities, Weirdness & Mutations

A weak demonic guardian rushes to your aid.


Message History

Your quasit barely misses the ogre.
Your quasit bites the jackal but does no damage.
Your quasit claws the jackal.
Your quasit claws the jackal but does no damage.
The jackal completely misses your quasit.
You barely miss the goblin.
Your quasit disappears in a puff of smoke!
The jackal bites you but does no damage.
Your quasit bites the jackal.
Your quasit claws the jackal. x2
The goblin closely misses you.
The jackal bites your quasit but does no damage.
Unknown command.
The jackal bites your quasit but does no damage.
You hit the ogre but do no damage.
The ogre is moderately wounded.
The jackal closely misses your quasit.
Your quasit bites the goblin.
Your quasit claws the goblin.
Your quasit barely misses the goblin.
The ogre hits you with a +0 giant club!!
Ouch! That really hurt!
You die...

.....(# .......
....... .....
....... ...#.
....... ....
......r ...#
.....5h#### #..#
.....†gO@.####..###
.....§h##.........#
....... ####......#
....... ##.....#
....... #.....#####
......# #.........#
...... #.....###.#
...... #.....# #.#
####### #.#


You could see an ogre, 2 jackals, a goblin and a friendly quasit.

Vanquished Creatures
  A dart slug (D:1)
  A ball python (D:1)
  3 goblins (D:2)
  2 hobgoblins
  A kobold (D:1)
  A frilled lizard (D:1)
  3 rats
12 creatures vanquished.

Vanquished Creatures (collateral kills)
  An adder (D:2)
  A bat (D:2)
  A giant cockroach (D:2)
  A goblin (D:2)
  A hobgoblin (D:2)
  2 jackals (D:2)
  A kobold (D:2)
8 creatures vanquished.

Vanquished Creatures (others)
  4 toadstools (D:1)
4 creatures vanquished.

Grand Total: 24 creatures vanquished

Notes
Turn   | Place    | Note
-------+----------+-------------------------------------------
     0 | D:1      | Holzbalken the Demonspawn Wanderer began the quest for the
                  | Orb.
     0 | D:1      | Holzbalken set off with the following items: a +0 dagger, a
                  | potion of haste, a potion of curing, a +0 ring mail, a
                  | potion of heal wounds, a ration
     0 | D:1      | Reached XP level 1. HP: 18/18 MP: 1/1
   138 | D:1      | Reached skill level 1 in Short Blades
   427 | D:1      | Gained mutation: A weak demonic guardian rushes to your
                  | aid. [demonic ancestry]
   427 | D:1      | Reached XP level 2. HP: 24/24 MP: 2/2
   450 | D:1      | You fall into a shaft and drop 1 floor!
   720 | D:2      | Found a faded altar of an unknown god.
   752 | D:2      | Noticed an ogre
   774 | D:2      | Mangled by an ogre

Levels and vault maps discovered:
D:1:      ldierk_water_garden, layout_basic, minmay_misc_feat_enclosed
D:2:      layout_rooms, overflow_temple_1_default, elyvilon_altar_3,
          chequers_ecumenical_altar_twisty, first_ration

Skill      XL: |  1  2 |
---------------+-------+-----
Short Blades   | 1 2 |  2.3
Fighting       | |  3.0
Armour         | |  1.0
Dodging        | |  1.0
Stealth        | |  2.6
Shields        | |  1.0
Unarmed Combat | |  1.0

Action                   || total
-------------------------++-------
Melee: Dagger            ||    70
Armor: Ring mail         ||    25
Dodge: Dodged            ||    44

Table legend:
 A = Non-vault XP
 B = Vault XP
 C = Vault XP percentage of total XP
 D = Non-vault monster count
 E = Vault monster count
 F = Vault count percentage of total count
                 A         B        C        D         E       F
            +---------+---------+-------+---------+---------+-------
      Total |      37 |       0 |   0.0 |      20 |       0 |   0.0
            +---------+---------+-------+---------+---------+-------
        D:1 |      13 |       0 |   0.0 |       7 |       0 |   0.0
        D:2 |      24 |       0 |   0.0 |      13 |       0 |   0.0
            +---------+---------+-------+---------+---------+-------
